Map: World of Sleepers LE

Players

soO

  • Race: Zerg Zerg
  • Spawn Location: 1:00

Blask - Winner!

  • Race: Protoss Protoss
  • Spawn Location: 7:00

Event: NationWars 2019

VOD

Have the link to the VOD?

Description

Time

  • Played on: Oct. 4, 2019, 1:10 p.m.
  • Length: 7:20
Show
View Real Time Build Order
Export as new Build Order

soO Zerg 

Build Orders: Hatch First 

Get SALT Encoding   

  12  0:00  Drone  
  13  0:12  Overlord  
  13  0:17  Drone  
  14  0:31  Drone x2  
  16  0:47  Hatchery  
  15  0:51  Drone  
  15  0:55  Drone  
  17  0:59  Drone  
  18  1:09  Extractor  
  17  1:13  Spawning Pool  
  17  1:18  Drone  
  17  1:21  Drone  
  18  1:28  Drone  
  19  1:39  Drone  
  20  1:50  Overlord  
  20  2:00  Zergling x2, Queen x2  
  20  2:01  Zergling x2  
  26  2:11  Metabolic Boost  
  26  2:13  Drone x2  
  28  2:23  Drone  
  28  2:24  Drone  
  30  2:34  Drone x2  
  32  2:42  Hatchery  
  32  2:43  Drone  
  32  2:47  Overlord  
  32  2:53  Queen  
  32  2:55  Drone  
  35  2:59  Drone  
  36  3:06  Drone  
  36  3:08  Drone x2  
  36  3:10  Drone x2  
  36  3:12  Drone  
  42  3:15  Overlord  
  42  3:29  Drone x2  
  42  3:33  Drone  
  42  3:34  Drone, Lair  
  46  3:38  Roach Warren  
  46  3:39  Queen  
  47  3:41  Drone  
  47  3:45  Drone x3  
  47  3:48  Drone  
  52  3:49  Extractor  
  52  3:52  Extractor  
  52  3:55  Drone, Overlord  
  51  3:57  Drone  
  52  4:04  Overlord  
  52  4:09  Overlord  
  52  4:10  Overlord  
  52  4:15  Zergling x4  
  52  4:16  Overlord  
  54  4:19  Roach x2  
  58  4:25  Roach x3  
  64  4:33  Overseer  
  64  4:34  Overseer  
  64  4:39  Drone x2  
  64  4:42  Drone x2  
  64  4:43  Overlord  
  64  4:44  Glial Reconstitution  
  68  4:50  Drone x3  
  71  4:56  Roach x3  
  71  4:58  Zergling x6  
  78  5:02  Spine Crawler x2  
  78  5:05  Roach  
  77  5:08  Roach  
  77  5:09  Zergling x4  
  77  5:12  Roach  
  83  5:15  Roach  
  83  5:20  Roach x2  
  87  5:34  Roach x5  
  91  5:36  Roach x3  
  91  5:39  Zergling x2, Roach  
  94  5:45  Roach x2  
  94  5:47  Roach  
  84  5:58  Roach x2  
  84  5:59  Roach x2  
  84  6:02  Roach  
  79  6:08  Roach  
  79  6:09  Roach  
  70  6:14  Roach, Queen x2  
  66  6:21  Zergling x4  
  66  6:25  Zergling x2  
  67  6:28  Zergling x4  
  69  6:33  Zergling x2  
  69  6:37  Zergling x2  
  69  6:38  Zergling x2  
  62  6:44  Zergling x2  
  60  6:48  Zergling x2  
  60  6:51  Zergling x2  
  63  6:55  Zergling x2  
  63  7:00  Zergling x4  
Show
View Real Time Build Order
Export as new Build Order

Blask Protoss - Winner!

Build Orders: 1 Gate Expand 

Get SALT Encoding   

  12  0:00  Probe  
  13  0:12  Probe  
  14  0:19  Pylon  
  14  0:25  Probe (Chrono Boost)  
  15  0:37  Probe (Chrono Boost)  
  15  0:38  Gateway  
  16  0:45  Probe (Chrono Boost)  
  16  0:46  Assimilator  
  17  0:51  Probe  
  18  1:04  Probe  
  19  1:16  Probe  
  20  1:23  Nexus  
  20  1:34  Cybernetics Core  
  20  1:36  Probe  
  21  1:42  Assimilator  
  21  1:48  Probe  
  21  1:51  Pylon  
  22  2:00  Probe (Chrono Boost)  
  23  2:07  Stalker (Chrono Boost)  
  23  2:12  Probe (Chrono Boost)  
  26  2:16  Robotics Facility  
  26  2:21  Probe (Chrono Boost)  
  27  2:27  Probe (Chrono Boost), Warp Gate  
  28  2:30  Adept  
  28  2:36  Probe (Chrono Boost)  
  32  2:45  Probe (Chrono Boost)  
  32  2:47  Probe (Chrono Boost)  
  32  2:52  Probe, Twilight Council  
  32  2:57  Probe  
  34  3:05  Warp Prism  
  36  3:14  Gateway  
  36  3:22  Probe x2  
  36  3:25  Charge (Chrono Boost)  
  36  3:26  Pylon  
  42  3:41  Immortal (Chrono Boost)  
  43  3:52  Gateway  
  43  3:54  Gateway  
  42  4:11  Immortal (Chrono Boost)  
  42  4:15  Gateway  
  46  4:17  Gateway  
  46  4:18  Gateway  
  46  4:21  Gateway  
  46  4:26  Pylon x2  
  46  4:32  Zealot  
  46  4:33  Zealot  
  50  4:54  Zealot x2  
  50  4:55  Zealot  
  50  4:56  Pylon, Zealot  
  58  5:05  Pylon  
  58  5:17  Zealot x7  
  58  5:18  Zealot  
  70  5:40  Zealot x5  
  70  5:41  Zealot x2  
  82  5:45  Zealot  
  74  6:02  Zealot x5  
  72  6:14  Zealot  
  72  6:15  Zealot x2  
  70  6:30  Zealot x2  
  70  6:31  Zealot x2  
  70  6:32  Zealot  
  60  6:48  Zealot x3  
  60  6:51  Zealot x4  
  64  7:05  Zealot  
Tags
 
Add a new tag
Caveats
  • Supply blocks, unpowered buildings, or Contaminate may cause inaccurate times.
  • Supply counts are checked every 10 seconds.